 Dungeon Crawl Stone Soup version 0.18.1-50-g88ac8fd (webtiles) character file.

213 Firecrotchwizard the Shield-Bearer (level 5, 0/48 HPs)
             Began as a Minotaur Fighter on Nov 2, 2016.
             Succumbed to Sigmund's poison
             ... on level 4 of the Dungeon.
             The game lasted 00:07:28 (2509 turns).

Firecrotchwizard the Shield-Bearer (MiFi)           Turns: 2509, Time: 00:07:28

Health: 0/48       AC: 15    Str: 20    XL:     5   Next: 59%
Magic:  4/4        EV:  4    Int:  5    God:
Gold:   148        SH: 10    Dex: 11    Spells: 0 memorised, 4 levels left

rFire  . . .     SeeInvis .     i - +2 mace (pain)
rCold  . . .     Gourm    .     t - +1 plate armour
rNeg   . . .     Faith    .     c - +0 shield
rPois  .         Spirit   .     (helmet restricted)
rElec  .         Dismiss  .     (no cloak)
rCorr  .         Reflect  .     e - +0 pair of gloves
SustAt .         Harm     .     j - +0 pair of boots
MR     .....                    (no amulet)
Stlth  ..........               (no ring)
                                (no ring)

@: lethally poisoned (0 -> -3), not resistant to hostile enchantments, extremely
unstealthy
A: retaliatory headbutt, horns 2
a: no special abilities


You were on level 4 of the Dungeon.
You were very hungry.

You visited 1 branch of the dungeon, and saw 4 of its levels.

You collected 148 gold pieces.

Inventory:

Hand Weapons
 a - a +0 flail
 i - a +2 mace of pain (weapon)
Armour
 b - a +0 scale mail
 c - a +0 shield (worn)
 e - a +0 pair of gloves (worn)
 j - a +0 pair of boots (worn)
 t - a +1 plate armour (worn)
Wands
 r - a wand of iceblast (10/15)
Scrolls
 l - a scroll of enchant weapon {unknown}
 m - 3 scrolls of identify
 p - 5 scrolls of fog
Potions
 d - a potion of might
 h - 2 potions of curing {unknown}
 k - a potion of berserk rage {unknown}
 o - a potion of degeneration {unknown}
 s - a potion of heal wounds {unknown}
 v - a potion of cure mutation {unknown}
 z - a potion of agility {unknown}
Comestibles
 f - 3 bread rations
 g - 2 meat rations
 n - 3 fruits
 x - a beef jerky


   Skills:
 * Level 5.0 Fighting
 * Level 3.9 Maces & Flails
 + Level 4.2 Armour
 + Level 1.9 Dodging
 + Level 5.1 Shields


You had 4 spell levels left.
You didn't know any spells.

Dungeon Overview and Level Annotations

Branches:
Dungeon (4/15)
 Temple: D:4-7

Altars:
Fedhas
Ru

Annotations:
D:4 Sigmund; zoopyjoobles's ghost, amateur MiGl


Innate Abilities, Weirdness & Mutations

You reflexively headbutt those who attack you in melee.
You have a pair of horns on your head.


Message History

* * * LOW HITPOINT WARNING * * *
You block the orc's attack.
You miss something. You headbutt something.
* * * LOW HITPOINT WARNING * * *
You feel sick. The orc hits you but does no damage.
Something hits you but does no damage.
The orc priest hits you but does no damage.
The orc hits you but does no damage.
You closely miss something. Your headbutt misses something.
* * * LOW HITPOINT WARNING * * *
You feel sick.
The orc priest hits you but does no damage.
Something hits you but does no damage. The orc hits you but does no damage.
You block the orc priest's attack.
Your plate armour prevents you from hitting something.
You block the orc's attack. Something hits you but does no damage.
The orc priest hits you with a short sword.
* * * LOW HITPOINT WARNING * * *
You closely miss something.
You die...

.# .#
##.........# .#
#.......... . ##
##.........###..
#
#..........#....
#
#...>...........
#
#.......o.....#
# .......{oo..#
# .......#@#
......#.## #..#
##.## #..# ##.##
#.## #######.#
####......##


You could see an orc priest and 2 orcs.

Vanquished Creatures
  The ghost of criton the Skirmisher, an amateur DrFi of Makhleb (D:3)
  A slave (D:4)
  A worker ant (D:4)
  2 adders
  2 oozes
  2 worms (D:2)
  2 dart slugs
  2 giant geckos
  An orc (D:4)
  3 giant cockroaches
  5 goblins
  8 hobgoblins
  9 jackals (D:2)
  A quokka (D:3)
  8 bats
  A giant newt (D:2)
  5 kobolds
  5 rats
59 creatures vanquished.

Notes
Turn   | Place    | Note
--------------------------------------------------------------
     0 | D:1      | Firecrotchwizard the Minotaur Fighter began the quest for the Orb.
     0 | D:1      | Reached XP level 1. HP: 19/19 MP: 0/0
   144 | D:1      | Reached XP level 2. HP: 26/27 MP: 1/1
   660 | D:2      | Reached XP level 3. HP: 33/33 MP: 2/2
   697 | D:2      | Found a sacrificial altar of Ru.
  1024 | D:2      | Reached skill level 1 in Dodging
  1508 | D:3      | Reached XP level 4. HP: 40/41 MP: 3/3
  1715 | D:3      | Noticed criton's ghost (amateur DrFi)
  1731 | D:3      | Killed criton's ghost
  1731 | D:3      | Reached XP level 5. HP: 10/47 MP: 4/4
  2085 | D:3      | Found a blossoming altar of Fedhas.
  2261 | D:4      | Noticed a slave
  2271 | D:4      | Reached skill level 5 in Fighting
  2271 | D:4      | Reached skill level 5 in Shields
  2277 | D:4      | Killed a slave
  2341 | D:4      | Noticed zoopyjoobles's ghost (amateur MiGl)
  2496 | D:4      | Noticed Sigmund
  2507 | D:4      | HP: 2/48 [poisoned by Sigmund]
  2509 | D:4      | Succumbed to Sigmund's poison

Skill      XL: |  1  2  3  4  5 |
---------------+----------------+-----
Fighting       | 4 5 |  5.0
Armour         | 4 |  4.2
Shields        | 4 5 |  5.1
Dodging        | 1 |  1.9
Maces & Flails | 3 |  3.9

Action                   |  1- 3 |  4- 6 || total
-------------------------+-------+-------++-------
Melee: Flail             |   130 |    43 ||   173
       Headbutt          |    14 |    12 ||    26
       Mace              |       |    37 ||    37
  Use: Scroll            |       |     7 ||     7
  Eat: Chunk             |     2 |     2 ||     4
Armor: Scale mail        |    70 |       ||    70
       Plate armour      |    12 |    54 ||    66
Dodge: Dodged            |    35 |    13 ||    48
Block: Shield            |    64 |    57 ||   121
